 Dungeon Crawl Stone Soup version 0.23.0 (webtiles) character file.

Game seed: 12095054002979052939

324060 dvd the Brawler (level 20, -1/202 HPs)
             Began as a Troll Monk on Feb 7, 2019.
             Was the Champion of Makhleb.
             Slain by a deep elf blademaster
             ... wielding a +0 rapier
              (10 damage)
             ... on level 3 of the Elven Halls on Feb 8, 2019.
             The game lasted 03:13:59 (41540 turns).

dvd the Brawler (Troll Monk)                       Turns: 41540, Time: 03:14:03

Health: -1/202     AC: 16    Str: 21      XL:     20   Next: 70%
Magic:  0/28       EV: 17    Int:  8      God:    Makhleb [******]
Gold:   1035       SH: 34    Dex: 17 (18) Spells: 19/19 levels left

rFire    + + .     SeeInvis +   a - +9 trident of the Dove {pierce, *Rage +Blink rElec rF++}
rCold    . . .     Gourm    +   W - +8 large shield {AC+3}
rNeg     + + .     Faith    .   C - +3 troll leather armour
rPois    .         Spirit   +   p - +2 hat of the Bear Spirit {Spirit, +Rage rN+ MR++}
rElec    +         Reflect  +   Z - +2 cloak {+Inv}
rCorr    .         Harm     .   (gloves unavailable)
MR       +++++     Clarity  +   (boots unavailable)
Stlth    +++.......             A - +6 amulet of reflection
HPRegen  1.23/turn              J - ring "Pajix" {rN+ MR+ Str-3 Dex+3 SInv}
MPRegen  0.21/turn              s - ring of Opiatyr {rElec MR+ Str-3 Int+2 Slay+3}

@: lethally poisoned (-1 -> -2), about to teleport, corroded
A: large, unfitting armour, claws 3, horns 2, blink, clarity, fast metabolism 3,
gourmand, regeneration 1, robust 1, shaggy fur 1, tough skin 3, subdued magic 1
}: 2/15 runes: barnacled, gossamer
a: Blink, Minor Destruction, Lesser Servant of Makhleb, Major Destruction,
Greater Servant of Makhleb, Renounce Religion, Evoke Blink, Evoke Berserk Rage,
Evoke Invisibility


You were on level 3 of the Elven Halls.
You worshipped Makhleb.
Makhleb was exalted by your worship.
You were very full.

You visited 8 branches of the dungeon, and saw 38 of its levels.
You also visited: Gauntlet.

You collected 4476 gold pieces.
You spent 3441 gold pieces at shops.

Inventory:

Hand Weapons
 a - the +9 trident of the Dove (weapon) {pierce, *Rage +Blink rElec rF++}
   (You took it off a merfolk on level 2 of the Shoals)

   It inflicts extra damage upon your enemies.
   It greatly protects you from fire.
   It insulates you from electricity.
   It lets you blink.
   It may make you go berserk in combat.
 n - a +6 war axe of chopping
 y - the +2 flail "Arbiter" {antimagic, rPois}
   (You found it on level 13 of the Dungeon)

   It reduces the magical energy of the wielder, and disrupts the spells and
   magical abilities of those hit.
   Natural abilities and divine invocations are not affected.
   It protects you from poison.
 X - a +0 long sword
Missiles
 Q - 23 javelins of penetration (quivered)
Armour
 k - a +2 robe of resistance
 p - the +2 hat of the Bear Spirit (worn) {Spirit, +Rage rN+ MR++}
   (You bought it in a shop on level 2 of the Orcish Mines)

   It protects you from negative energy.
   It affects your resistance to hostile enchantments.
   It lets you go berserk.
 r - +1 fire dragon scales
 C - a +3 troll leather armour (worn)
 E - +0 acid dragon scales
 W - a +8 large shield of protection (worn)
 Z - a +2 cloak of invisibility (worn)
Jewellery
 q - the ring "Kaicext" {rCorr MR+ Str-5 Dex+5 Stlth+}
   (You found it in a Gauntlet)

   [ring of resist corrosion]

   It affects your strength (-5).
   It affects your dexterity (+5).
   It affects your resistance to hostile enchantments.
   It makes you more stealthy.
 s - the ring of Opiatyr (right claw) {rElec MR+ Str-3 Int+2 Slay+3}
   (You bought it in a shop on level 2 of the Orcish Mines)

   [ring of protection from magic]

   It affects your strength (-3).
   It affects your intelligence (+2).
   It affects your accuracy and damage with ranged weapons and melee attacks
   (+3).
   It insulates you from electricity.
   It affects your resistance to hostile enchantments.
 A - a +6 amulet of reflection (around neck)
 D - the ring "Hougiapp" {Slay+2 Stlth+}
   (You took it off a vault warden on level 2 of the Vaults)

   [ring of stealth]

   It affects your accuracy and damage with ranged weapons and melee attacks
   (+2).
   It makes you more stealthy.
 H - an uncursed ring of poison resistance
 J - the ring "Pajix" (left claw) {rN+ MR+ Str-3 Dex+3 SInv}
   (You bought it in a shop on level 2 of the Orcish Mines)

   [ring of dexterity]

   It affects your strength (-3).
   It affects your dexterity (+3).
   It protects you from negative energy.
   It affects your resistance to hostile enchantments.
   It lets you see invisible.
 R - a +4 ring of slaying
Wands
 l - a wand of acid (10)
 t - a wand of disintegration (38)
 x - a wand of clouds (14)
 G - a wand of digging (32)
 L - a wand of paralysis (16)
 T - a wand of iceblast (23)
 V - a wand of flame (68)
Scrolls
 c - 10 scrolls of magic mapping
 e - 38 scrolls of identify
 g - 3 scrolls of fog
 m - a scroll of fear
 P - 8 scrolls of teleportation
 S - 14 scrolls of remove curse
 U - 6 scrolls of blinking
Potions
 d - 8 potions of brilliance
 f - a potion of resistance
 h - 4 potions of agility
 i - 6 potions of haste
 j - a potion of might
 o - 2 potions of magic
 u - 5 potions of heal wounds
 w - 6 potions of curing
 B - 4 potions of flight
 F - 3 potions of mutation
 I - a potion of berserk rage
 K - 2 potions of cancellation
 N - a potion of invisibility
 O - 4 potions of ambrosia
Miscellaneous
 z - a lightning rod (4/4)
 Y - a lamp of fire
Comestibles
 b - 73 rations
 v - a chunk of flesh


   Skills:
 + Level 8.3 Fighting
 + Level 5.7 Maces & Flails
 * Level 9.5 Polearms
 + Level 4.5 Armour
 + Level 11.7 Dodging
 + Level 5.0 Stealth
 * Level 15.2 Shields
 + Level 19.3 Unarmed Combat
 + Level 12.9 Invocations
 * Level 5.6 Evocations


You had 19 spell levels left.
You didn't know any spells.
Your spell library contained the following spells:

 Spells                   Type           Power        Failure   Level  Hunger
 Animate Skeleton         Necr           N/A          41%         1    ##.....
 Confusing Touch          Hex            #.....       41%         1    ##.....
 Corona                   Hex            #......      41%         1    ##.....
 Freeze                   Ice            #...         41%         1    ##.....
 Pain                     Necr           #...         41%         1    ##.....
 Sandblast                Erth           #.....       41%         1    ##.....
 Summon Small Mammal      Summ           #...         41%         1    ##.....
 Blink                    Tloc           N/A          54%         2    ###....
 Ensorcelled Hibernation  Hex/Ice        #.....       54%         2    ###....
 Passwall                 Tmut/Erth      #.......     54%         2    ###....
 Poisonous Vapours        Pois/Air       #.....       54%         2    ###....
 Shroud of Golubria       Chrm/Tloc      #.........   54%         2    ###....
 Throw Frost              Conj/Ice       #.....       54%         2    ###....
 Call Canine Familiar     Summ           #.......     80%         3    ####...
 Confuse                  Hex            #.......     80%         3    ####...
 Conjure Flame            Conj/Fire      #.......     80%         3    ####...
 Dazzling Spray           Conj/Hex       #.....       80%         3    ####...
 Gell's Gravitas          Tloc           #.........   80%         3    ####...
 Lesser Beckoning         Tloc           #.........   80%         3    ####...
 Mephitic Cloud           Conj/Pois/Air  #.......     80%         3    ####...
 Ozocubu's Armour         Chrm/Ice       #.......     80%         3    ####...
 Regeneration             Chrm/Necr      #.........   80%         3    ####...
 Static Discharge         Conj/Air       #.......     80%         3    ####...
 Stone Arrow              Conj/Erth      #.....       80%         3    ####...
 Summon Guardian Golem    Hex/Summ       #.......     80%         3    ####...
 Teleport Other           Tloc           #.......     80%         3    ####...
 Tukima's Dance           Hex            #.......     80%         3    ####...
 Vampiric Draining        Necr           #.........   80%         3    ####...
 Animate Dead             Necr           N/A          99%         4    #####..
 Ice Form                 Ice/Tmut       #.......     99%         4    #####..
 Passage of Golubria      Tloc           N/A          99%         4    #####..
 Petrify                  Tmut/Erth      #.......     99%         4    #####..
 Summon Ice Beast         Ice/Summ       #.......     99%         4    #####..
 Summon Lightning Spire   Summ/Air       #.......     99%         4    #####..
 Throw Icicle             Conj/Ice       #.......     99%         4    #####..
 Lee's Rapid Deconstruct  Erth           #.........   100%        5    ######.
 Lightning Bolt           Conj/Air       #.........   100%        5    ######.
 Metabolic Englaciation   Hex/Ice        #.........   100%        5    ######.
 Summon Demon             Summ           #.........   100%        5    ######.
 Yara's Violent Unravell  Hex/Tmut       #.........   100%        5    ######.
 Bolt of Cold             Conj/Ice       #.........   100%        6    #######
 Freezing Cloud           Conj/Ice/Air   #.........   100%        6    #######
 Ozocubu's Refrigeration  Ice            #.........   100%        6    #######
 Simulacrum               Ice/Necr       #.........   100%        6    #######
 Ring of Flames           Chrm/Fire      #.........   100%        7    #######
 Spellforged Servitor     Conj/Summ      #.........   100%        7    #######
 Ignition                 Fire           #.........   100%        8    #######
 Shatter                  Erth           #.........   100%        9    #######
 Tornado                  Air            #.........   100%        9    #######


Dungeon Overview and Level Annotations

Branches:
Dungeon (15/15)            Temple (1/1) D:5            Lair (6/6) D:8
 Shoals (4/4) Lair:3       Spider (4/4) Lair:4        Slime (0/5) Lair:6
    Orc (2/2) D:10            Elf (3/3) Orc:2        Vaults (3/5) D:14
  Crypt (0/3) Vaults:2     Depths (0/5) D:15

Altars:
Ashenzari
Dithmenos
Gozag
Hepliaklqana
Makhleb
Okawaru
Trog
Uskayaw
Vehumet
Wu Jian
Beogh

Shops:
D:10 *   D:11 =   Orc:2 [[?(*!=!   Shoals:1 *   Shoals:4 *[   Vaults:2 ?


Innate Abilities, Weirdness & Mutations

You are too large for most types of armour.
You have claws for hands.
Your metabolism is lightning-fast.
You like to eat raw meat.
Your natural rate of healing is unusually fast.
You are covered in fur. (AC +1)
You have extremely tough skin. (AC +3)
You have a pair of horns on your head.
You can translocate small distances at will.
You possess an exceptional clarity of mind.
You are robust. (+10% HP)
Your spells are a little easier to cast, but a little less powerful.


Message History

Your headbutt misses the deep elf blademaster.
The deep elf blademaster is heavily wounded.
You feel sick.
The deep elf sorcerer hits you with a +0 short sword.
You block the deep elf blademaster's attack. x2
The deep elf sorcerer hits you with a +0 short sword.
* * * LOW HITPOINT WARNING * * *
You completely miss the deep elf blademaster.
Your headbutt misses the deep elf blademaster.
The deep elf blademaster is heavily wounded.
You block the deep elf blademaster's attack.
The deep elf blademaster closely misses you.
The deep elf sorcerer gestures at you while chanting.
The bolt of acid hits you!!
* * * LOW HITPOINT WARNING * * *
You are splashed with acid!
* * * LOW HITPOINT WARNING * * *
The deep elf blademaster hits you but does no damage.
The deep elf blademaster hits you with a +0 rapier!
You die...

,,,,,,,* # #ee#..# *,,,,,,,,,,
*,,,,*** #.#..#..# ***,,,,****
****** #.#).#..# ******
#############....E.#####*********
'........#....EEEe#.....,,,,,,,,,
#........+..e.E.ee#...,,,,,,,,,,,
#........#.....eeYeE,,,,,,,,,,,,,
###'#############e##+#####*****+*
................@e........,,,,,,,
..........................,,,,,,,
#################################
≈≈≈≈≈≈≈≈≈≈≈≈≈≈≈≈≈≈≈≈≈≈≈≈≈≈≈≈≈≈≈≈≈
≈≈≈≈≈≈≈≈≈≈≈≈≈≈≈≈≈≈≈≈≈≈≈≈≈≈≈≈≈≈≈≈≈
.................................
..)).............................
...)..)..........................
.................................


You could see a dire elephant shaped shifter, a deep elf blademaster, a deep elf
annihilator, 3 deep elf sorcerers and 2 earth elementals.

Vanquished Creatures
  Boris (Vaults:2)
  Margery (Vaults:2)
  Arachne (Spider:2)
  Jorgrun (Spider:2)
  Gastronok (Lair:2)
  2 krakens (Shoals:4)
  Kirke (Shoals:3)
  4 vault wardens
  3 deep elf sorcerers
  4 ghost moths
  2 deep elf elementalists
  9 emperor scorpions
  A very ugly thing (Vaults:1)
  4 entropy weavers
  A stone giant (Vaults:2)
  8 ironheart preservers
  A deep elf annihilator (Elf:2)
  2 deep elf demonologists
  Azrael (Lair:4)
  3 spark wasps
  A minotaur (Gauntlet)
  A small abomination (Vaults:2)
  6 merfolk javelineers
  3 ettins
  A fire dragon (D:15)
  4 deep elf death magi
  A death ooze (Gauntlet)
  5 merfolk impalers
  The ghost of Curus the Stickfighter, a journeyman MiGl of Trog (Lair:1)
  Fannar (Lair:2)
  6 yaktaur captains
  A rakshasa (Vaults:3)
  A great orb of eyes (Vaults:3)
  6 vault guards
  A deep elf high priest (Elf:3)
  2 alligator snapping turtles (Shoals:4)
  5 hydras
  3 ice dragons (Vaults:3)
  9 centaur warriors
  3 merfolk avatars
  The ghost of Xelitey Juot the Cleaver, a novice MiFi of Cheibriados (Orc:1)
  4 merfolk aquamancers
  28 dancing weapons
  A deep troll shaman (Lair:6)
  8 death yaks
  A death knight (Vaults:3)
  30 two-headed ogres
  2 satyrs
  A two-headed ogre (shapeshifter) (Elf:1)
  2 catoblepae
  A large abomination (Vaults:2)
  3 deep troll earth magi (Vaults:1)
  8 ogre magi
  3 orc high priests
  20 deep elf knights
  A shadow wraith (Vaults:2)
  A skeletal warrior (Vaults:3)
  5 hell knights (Vaults:2)
  4 deep trolls (Vaults:1)
  3 unseen horrors
  6 sea snakes
  A flayed ghost (Vaults:3)
  4 wizards
  A swamp dragon (shapeshifter) (D:14)
  A lindwurm (Lair:6)
  6 ironbrand convokers
  4 harpies (Shoals:3)
  6 deep elf archers
  A harpy (shapeshifter) (Vaults:2)
  13 orc knights
  A phantasmal warrior (Vaults:3)
  11 orb spiders
  53 deep elf magi
  24 wolf spiders
  4 oklob plants
  3 necromancers
  An orb spider (shapeshifter) (Vaults:2)
  7 orc sorcerers
  20 ugly things
  A shining eye (shapeshifter) (Elf:1)
  12 manticores
  16 fauns
  A human zombie (Vaults:2)
  8 cyclopes
  A moth of wrath (Gauntlet)
  3 black mambas
  8 merfolk sirens
  7 elephants
  Maurice (Orc:2)
  5 centaur zombies
  A frost giant skeleton (Vaults:2)
  5 water nymphs
  4 vault sentinels
  A spiny frog (shapeshifter) (D:14)
  2 gargoyles
  A torpor snail (Spider:3)
  5 centaur skeletons
  An orc skeleton (Vaults:2)
  12 spiny frogs
  11 demonic crawlers
  2 rime drakes
  A yaktaur (shapeshifter) (D:15)
  8 komodo dragons
  3 freezing wraiths
  15 yaktaurs
  12 trolls
  4 tyrant leeches (Spider:2)
  5 hornets
  2 human skeletons (Vaults:2)
  A yaktaur skeleton (Vaults:2)
  2 queen bees (Spider:4)
  31 jumping spiders
  2 meliai (Spider:4)
  A meliai zombie (D:12)
  A snapping turtle (shapeshifter) (Elf:2)
  31 merfolk
  18 slime creatures
  3 wind drakes (Shoals:4)
  10 blink frogs
  7 snapping turtles
  The ghost of emiel the Stinger, an amateur FoVM (D:4)
  11 dream sheep
  12 hippogriffs
  A redback (shapeshifter) (Vaults:3)
  75 redbacks
  32 tarantellas
  A shadow (D:11)
  2 air elementals (Elf:2)
  A vampire (D:10)
  A spriggan (D:9)
  38 yaks
  7 water elementals
  4 wraiths
  A human (D:10)
  2 wyverns (Lair:4)
  3 hogs (Shoals:3)
  4 basilisks
  7 vampire mosquitoes
  3 fire elementals
  A hungry ghost (D:13)
  7 wargs
  3 hell hounds
  An acid dragon (D:12)
  A soldier ant (shapeshifter) (Vaults:1)
  6 water moccasins
  Duvessa (D:6)
  6 porcupines
  32 orc warriors
  An elf zombie (Vaults:2)
  2 phantoms
  2 sky beasts
  3 hornet zombies
  6 ice beasts
  2 black bears
  24 ogres
  A black bear (shapeshifter) (Vaults:3)
  An eye of draining (shapeshifter) (D:14)
  A necrophage (D:11)
  8 wolves
  A wolf (shapeshifter) (Elf:1)
  An orc zombie (Vaults:2)
  3 eyes of draining
  9 centaurs
  A crocodile (shapeshifter) (Vaults:2)
  11 crocodiles
  2 big kobolds
  Blork the orc (D:4)
  16 bullfrogs
  A wyvern zombie (D:10)
  Dowan (D:6)
  5 earth elementals
  A wyvern skeleton (D:12)
  2 scorpions
  32 killer bees
  A human simulacrum (Vaults:2)
  A vampire bat (D:6)
  7 wights
  3 howler monkeys
  An electric eel (Elf:3)
  10 crimson imps
  9 hounds
  5 jellies
  A lava snake (D:8)
  A bullfrog zombie (D:4)
  18 orc priests
  18 orc wizards
  6 iguanas
  2 bullfrog skeletons
  10 worker ants
  Terence (D:3)
  A hound zombie (D:11)
  4 hound skeletons
  A mummy (D:4)
  12 gnolls
  3 adders
  A howler monkey skeleton (D:4)
  4 shadow imps
  2 white imps (Gauntlet)
  3 oozes
  An adder zombie (D:9)
  3 adder skeletons
  8 worms
  2 dart slugs
  4 leopard geckos
  88 orcs
  3 giant cockroaches
  3 goblins
  9 hobgoblins
  4 jackals (D:2)
  3 quokkas
  4 ball pythons
  12 bats
  A frilled lizard (shapeshifter) (Vaults:2)
  4 frilled lizards
  16 kobolds
  2 leopard gecko skeletons (D:4)
  5 rats
  2 plants (Lair:2)
  4 tentacles (Shoals:4)
1376 creatures vanquished.

Vanquished Creatures (collateral kills)
  Rupert (Lair:3)
  An orc warlord (Orc:2)
  An ironheart preserver (Vaults:2)
  An entropy weaver (Spider:1)
  The ghost of Wounkef the Impaler, a journeyman OpGl of Gozag (D:15)
  2 hydras
  2 dancing weapons (Elf:2)
  A two-headed ogre (Orc:1)
  A deep troll shaman (Vaults:1)
  A sea snake (Shoals:4)
  A necromancer (Vaults:2)
  3 deep elf magi (Elf:2)
  A wolf spider (Spider:1)
  An orb spider (Spider:1)
  An oklob plant (Lair:2)
  A manticore (Shoals:4)
  A merfolk siren (Lair:3)
  2 elephants (Lair:6)
  A black mamba (Lair:2)
  A yaktaur zombie (Vaults:2)
  A komodo dragon (Lair:5)
  A merfolk (Shoals:4)
  A meliai (Spider:4)
  2 jumping spiders
  A hornet (Spider:1)
  A slime creature (Vaults:2)
  2 blink frogs (Lair:5)
  2 hippogriffs
  A wyvern (D:9)
  8 redbacks
  4 yaks
  A wraith (D:9)
  2 basilisks
  5 tarantellas
  A hell hound (Spider:1)
  A porcupine (Lair:5)
  4 orc warriors
  3 ogres
  3 bullfrogs
  10 killer bees
  An electric eel (Spider:1)
  A howler monkey (D:9)
  A worker ant zombie (D:10)
  9 orcs
  2 fungi (Orc:2)
  2 plants (Lair:2)
95 creatures vanquished.

Vanquished Creatures (others)
  A fire dragon (D:15)
  A deep elf knight (Elf:1)
  3 deep elf archers
  2 deep elf magi (Elf:2)
  4 yaktaurs
  A redback (Spider:1)
  2 water elementals
  2 humans (Shoals:3)
  An ogre (Vaults:2)
  18 fungi
  13 plants
  9 tentacles (Shoals:4)
57 creatures vanquished.

Grand Total: 1528 creatures vanquished

Notes
Turn   | Place    | Note
-------+----------+-------------------------------------------
     0 | D:1      | dvd the Troll Monk began the quest for the Orb.
     0 | D:1      | Reached XP level 1. HP: 22/22 MP: 0/0
    92 | D:1      | Reached XP level 2. HP: 26/29 MP: 1/1
  1088 | D:2      | Reached XP level 3. HP: 29/36 MP: 2/2
  1479 | D:3      | Reached skill level 4 in Unarmed Combat
  1493 | D:3      | Noticed Terence
  1503 | D:3      | Killed Terence
  1503 | D:3      | Reached XP level 4. HP: 39/44 MP: 1/3
  2140 | D:4      | Reached XP level 5. HP: 43/52 MP: 4/4
  2209 | D:4      | Found a transporter.
  2257 | D:4      | Noticed a phantom
  2279 | D:4      | Killed a phantom
  2279 | D:4      | Reached skill level 5 in Unarmed Combat
  2279 | D:4      | Reached XP level 6. HP: 36/59 MP: 5/5
  2325 | D:4      | Noticed Blork the orc
  2334 | D:4      | Killed Blork the orc
  2375 | D:4      | Found a transporter.
  2375 | D:4      | Noticed emiel's ghost (amateur FoVM)
  2447 | D:4      | Found an opulent altar of Gozag.
  2450 | D:4      | Found a shadowy altar of Dithmenos.
  2562 | D:4      | Found a bloodstained altar of Trog.
  2562 | D:4      | Found a radiant altar of Vehumet.
  2613 | D:4      | Reached skill level 6 in Unarmed Combat
  2800 | D:4      | Found a shattered altar of Ashenzari.
  2876 | D:5      | Entered Level 5 of the Dungeon
  2896 | D:5      | Reached XP level 7. HP: 48/67 MP: 2/6
  2961 | D:5      | Found a staircase to the Ecumenical Temple.
  2973 | Temple   | Entered the Ecumenical Temple
  2980 | Temple   | Became a worshipper of Makhleb the Destroyer
  2980 | Temple   | Reached * piety under Makhleb
  2980 | Temple   | Reached ** piety under Makhleb
  3289 | D:5      | Found a shadowy altar of Dithmenos.
  3396 | D:6      | Noticed Duvessa
  3397 | D:6      | Noticed Dowan
  3482 | D:6      | Reached skill level 1 in Invocations
  3488 | D:6      | Reached skill level 7 in Unarmed Combat
  3675 | D:6      | Killed Duvessa
  3675 | D:6      | Reached XP level 8. HP: 57/75 MP: 6/8
  3679 | D:6      | Killed Dowan
  4171 | D:6      | Reached skill level 5 in Dodging
  4171 | D:6      | Reached skill level 8 in Unarmed Combat
  4845 | D:7      | Reached *** piety under Makhleb
  4963 | D:6      | Reached XP level 9. HP: 83/83 MP: 9/11
  5259 | D:8      | Noticed an elephant
  5260 | D:8      | Found a staircase to the Lair.
  5283 | D:8      | Killed an elephant
  5283 | D:8      | Reached skill level 9 in Unarmed Combat
  5324 | D:8      | HP: 4/84 [basilisk (7)]
  6217 | D:8      | Reached skill level 10 in Unarmed Combat
  6364 | D:9      | Got a steaming mace
  6365 | D:9      | Identified the cursed +1 mace of the Doomed Warrior
                  | {freeze, Dex+2} (You found it on level 9 of the Dungeon)
  6431 | D:9      | Reached skill level 5 in Invocations
  6460 | D:9      | Reached XP level 10. HP: 68/93 MP: 10/12
  6848 | D:9      | Noticed a two-headed ogre
  6864 | D:9      | Reached skill level 1 in Maces & Flails
  7053 | Lair:1   | Entered Level 1 of the Lair of Beasts
  7625 | Lair:1   | Noticed a spiny frog
  7632 | Lair:1   | Killed a spiny frog
  7632 | Lair:1   | Reached skill level 5 in Fighting
  7674 | Lair:1   | Noticed a spiny frog
  7679 | Lair:1   | Killed a spiny frog
  7704 | Lair:1   | Found a runed translucent gate.
  7705 | Lair:1   | Found a runed translucent gate.
  7705 | Lair:1   | Found a runed translucent gate.
  7705 | Lair:1   | Noticed a nine-headed hydra
  7706 | Lair:1   | Noticed Curus's ghost (journeyman MiGl)
  7706 | Lair:1   | Noticed a ten-headed hydra
  8110 | Lair:2   | Noticed Gastronok
  8111 | Lair:2   | Noticed a black mamba
  8117 | Lair:2   | Noticed a spiny frog
  8118 | Lair:2   | Killed a black mamba
  8126 | Lair:2   | Killed Gastronok
  8126 | Lair:2   | Reached XP level 11. HP: 104/104 MP: 11/14
  8210 | Lair:2   | Reached skill level 5 in Maces & Flails
  8236 | Lair:2   | Reached **** piety under Makhleb
  8390 | Lair:2   | Gained mutation: You possess an exceptional clarity of
                  | mind. [potion of mutation]
  8390 | Lair:2   | Gained mutation: You can translocate small distances at
                  | will. [potion of mutation]
  8460 | Lair:2   | Reached skill level 11 in Unarmed Combat
  8472 | Lair:2   | Noticed Fannar
  8481 | Lair:2   | Killed Fannar
  8737 | Lair:2   | Noticed an oklob plant
  8737 | Lair:2   | Noticed an oklob plant
  8737 | Lair:2   | Noticed an oklob plant
  8752 | Lair:2   | Killed an oklob plant
  8756 | Lair:2   | Killed an oklob plant
  8760 | Lair:2   | Killed an oklob plant
  8782 | Lair:2   | Noticed an oklob plant
  8801 | Lair:2   | Killed an oklob plant
  9085 | Lair:3   | Found a staircase to the Shoals.
  9090 | Lair:3   | Noticed a death yak
  9231 | Lair:3   | Noticed a death yak
  9231 | Lair:3   | Noticed a death yak
  9629 | Lair:3   | Reached skill level 12 in Unarmed Combat
  9629 | Lair:3   | Reached XP level 12. HP: 107/113 MP: 14/16
  9735 | Lair:3   | Noticed a seven-headed hydra
  9742 | Lair:3   | Killed a seven-headed hydra
  9792 | Lair:3   | Noticed Rupert
  9802 | Lair:3   | Paralysed by Rupert for 2 turns
  9809 | Lair:3   | Killed Rupert
 10141 | Lair:3   | Killed a death yak
 10227 | Lair:3   | Killed a death yak
 10297 | Lair:3   | Killed a death yak
 10742 | Lair:4   | Noticed a four-headed hydra
 10752 | Lair:4   | Killed a four-headed hydra
 10853 | Lair:4   | Reached skill level 13 in Unarmed Combat
 10975 | Lair:4   | Found a hole to the Spider Nest.
 11364 | Lair:5   | Found a hazy altar of Hepliaklqana.
 12117 | Lair:5   | Reached XP level 13. HP: 120/123 MP: 16/19
 12271 | Lair:6   | Entered Level 6 of the Lair of Beasts
 12282 | Lair:6   | Identified a scroll of acquirement
 12283 | Lair:6   | Found the +2 cloak of the Thief {+Fog Slay-2 SInv Stlth+}
 12445 | Lair:6   | Found a staircase to the Slime Pits.
 13117 | Lair:6   | Reached skill level 14 in Unarmed Combat
 13159 | Lair:6   | Reached skill level 10 in Invocations
 13905 | Lair:6   | Identified the Handbook of Feathery Summoning
 13910 | Lair:6   | Got an iridescent rapier
 13922 | Lair:6   | Identified the cursed +1 rapier of the Spectre {pierce,
                  | rPois rF+ rC+ Dex-2} (You found it on level 6 of the Lair
                  | of Beasts)
 14625 | D:10     | Entered Level 10 of the Dungeon
 14634 | D:10     | Reached skill level 1 in Armour
 14700 | D:10     | Reached XP level 14. HP: 83/133 MP: 13/20
 14714 | D:10     | Reached ***** piety under Makhleb
 14870 | D:10     | Found a staircase to the Orcish Mines.
 15174 | D:10     | Found Kekel's Assorted Antiques.
 15234 | Orc:1    | Entered Level 1 of the Orcish Mines
 15258 | Orc:1    | Found an iron altar of Okawaru.
 15443 | Orc:1    | Found a roughly hewn altar of Beogh.
 15605 | Orc:1    | Found a transporter.
 15609 | Orc:1    | Found a transporter.
 15618 | Orc:1    | Identified the +1 dire flail "Killer Bee's Death" {freeze,
                  | *Rage +Fly rElec rF+++}
 15618 | Orc:1    | Identified the +9 great mace of Cobwebs {antimagic, rN+}
 15619 | Orc:1    | Noticed Xelitey Juot's ghost (novice MiFi)
 15935 | Orc:2    | Entered Level 2 of the Orcish Mines
 15940 | Orc:2    | Noticed Maurice
 15957 | Orc:2    | Killed Maurice
 15957 | Orc:2    | Reached skill level 15 in Unarmed Combat
 16103 | Orc:2    | Noticed an orc warlord
 16116 | Orc:2    | Found a staircase to the Elven Halls.
 16230 | Orc:2    | Killed an orc warlord
 16288 | Orc:2    | Found Joegetil's Distillery.
 16297 | Orc:2    | Bought a potion of haste for 160 gold pieces
 16297 | Orc:2    | Bought a potion of haste for 160 gold pieces
 16317 | Orc:2    | Found Dapt's Jewellery Emporium.
 16394 | Orc:2    | Bought the ring of Opiatyr {rElec MR+ Str-3 Int+2 Slay+3}
                  | for 594 gold pieces
 16409 | Orc:2    | Bought the ring "Pajix" {rN+ MR+ Str-3 Dex+3 SInv} for 364
                  | gold pieces
 16451 | Orc:2    | Found Muagien's Antique Armour Emporium.
 16460 | Orc:2    | Bought a runed large shield for 180 gold pieces
 16553 | Orc:2    | Found Qankahul's Magic Scroll Boutique.
 16560 | Orc:2    | Found Fovorch's Antique Armour Boutique.
 16615 | Orc:2    | Found Cuesa's Food Boutique.
 16615 | Orc:2    | Found Eleru's Antique Weapon Emporium.
 16616 | Orc:2    | Found a roughly hewn altar of Beogh.
 16692 | Orc:2    | Found Guomexkoi's Distillery.
 16707 | Orc:2    | Reached skill level 1 in Shields
 16848 | Orc:2    | Found Osalak's General Store.
 17244 | D:11     | Found Lunel's Jewellery Boutique.
 18740 | D:13     | Found an opulent altar of Gozag.
 18937 | D:13     | Reached ****** piety under Makhleb
 19409 | D:13     | Got an ivory flail
 19410 | D:13     | Identified the +2 flail "Arbiter" {antimagic, rPois} (You
                  | found it on level 13 of the Dungeon)
 19894 | D:14     | Reached skill level 16 in Unarmed Combat
 19955 | D:14     | Reached XP level 15. HP: 140/140 MP: 22/22
 20334 | D:14     | Found a gate to the Vaults.
 20674 | D:15     | Entered Level 15 of the Dungeon
 20732 | D:15     | Reached skill level 5 in Shields
 20885 | D:15     | Found a gate leading to a gauntlet.
 20927 | Gauntlet | Entered a Gauntlet
 20927 | Gauntlet | Found a transporter.
 20935 | Gauntlet | Found a transporter.
 20937 | Gauntlet | Found a transporter.
 20948 | Gauntlet | Found a transporter.
 20952 | Gauntlet | Found a runed translucent door.
 20954 | Gauntlet | Found a runed translucent door.
 20956 | Gauntlet | Found a transporter.
 20972 | Gauntlet | Found a transporter.
 20983 | Gauntlet | Found a transporter.
 20993 | Gauntlet | Found a transporter.
 21012 | Gauntlet | Found a transporter.
 21027 | Gauntlet | Found a transporter.
 21027 | Gauntlet | Found a transporter.
 21090 | Gauntlet | Found a transporter.
 21090 | Gauntlet | Found a transporter.
 21140 | Gauntlet | Found a transporter.
 21333 | Gauntlet | Got a wavering jade ring
 21335 | Gauntlet | Identified the ring "Kaicext" {rCorr MR+ Str-5 Dex+5
                  | Stlth+} (You found it in a Gauntlet)
 21728 | D:15     | Found a runed translucent door.
 21752 | D:15     | Noticed Wounkef's ghost (journeyman OpGl)
 21817 | D:15     | Found a staircase to the Depths.
 22050 | Orc:2    | Bought the +2 hat of the Bear Spirit {Spirit, +Rage rN+
                  | MR++} for 1055 gold pieces
 22050 | Orc:2    | Found the +2 hat of the Bear Spirit {Spirit, +Rage rN+
                  | MR++}
 22929 | Elf:1    | Entered Level 1 of the Elven Halls
 23070 | Elf:1    | Identified the Guide on the Entourage
 23134 | Elf:1    | Gained mutation: Armour fits poorly on your strangely
                  | shaped body. [a shining eye]
 23388 | Shoals:1 | Entered Level 1 of the Shoals
 23699 | Shoals:1 | Found Voadduth's Assorted Antiques.
 24157 | Shoals:2 | Lost mutation: Armour fits poorly on your strangely shaped
                  | body. [potion of mutation]
 24157 | Shoals:2 | Gained mutation: Your spells are a little easier to cast,
                  | but a little less powerful. [potion of mutation]
 24157 | Shoals:2 | Gained mutation: You have a pair of small horns on your
                  | head. [potion of mutation]
 24157 | Shoals:2 | Gained mutation: You are robust. (+10% HP) [potion of
                  | mutation]
 24157 | Shoals:2 | Gained mutation: You have a pair of horns on your head.
                  | [potion of mutation]
 24208 | Shoals:2 | Reached skill level 17 in Unarmed Combat
 24221 | Shoals:2 | Identified the +9 trident of the Dove {pierce, *Rage +Blink
                  | rElec rF++}
 24418 | Shoals:2 | Reached XP level 16. HP: 93/163 MP: 11/23
 24564 | Shoals:2 | Reached skill level 1 in Polearms
 24814 | Shoals:3 | Noticed Kirke
 24839 | Shoals:3 | Killed Kirke
 24999 | Shoals:2 | Reached skill level 10 in Dodging
 25588 | Shoals:4 | Entered Level 4 of the Shoals
 25667 | Shoals:4 | Found Cisomenk's Commerce Corner.
 25966 | Shoals:4 | Noticed a kraken
 25985 | Shoals:4 | Killed a kraken
 26398 | D:10     | Bought a scroll of blinking for 232 gold pieces
 26468 | Orc:2    | Bought a scroll of blinking for 127 gold pieces
 26645 | D:4      | Killed emiel's ghost
 26879 | Orc:1    | Killed Xelitey Juot's ghost
 27107 | Lair:1   | Killed Curus's ghost
 27417 | D:15     | Killed Wounkef's ghost
 28177 | Shoals:4 | Got a barnacled rune of Zot
 28395 | Shoals:4 | Found Kofeuc Sill's Antique Armour Shoppe.
 28505 | Shoals:4 | Reached skill level 10 in Shields
 28508 | Shoals:4 | Noticed a kraken
 28780 | Shoals:4 | Killed a kraken
 28780 | Shoals:4 | Reached XP level 17. HP: 119/172 MP: 17/25
 29393 | Spider:1 | Entered Level 1 of the Spider Nest
 29504 | Spider:1 | You fall through a shaft!
 29562 | Spider:1 | Noticed Azrael
 29842 | Lair:4   | Killed Azrael
 30683 | Spider:2 | Noticed Jorgrun
 30693 | Spider:2 | Killed Jorgrun
 30693 | Spider:2 | Reached skill level 5 in Polearms
 30695 | Spider:2 | Noticed Arachne
 30726 | Spider:2 | Killed Arachne
 32616 | Spider:4 | Entered Level 4 of the Spider Nest
 32800 | Spider:4 | Reached XP level 18. HP: 183/183 MP: 21/26
 32836 | Spider:4 | Got an ancient spear
 32837 | Spider:4 | Identified the +7 spear of Utiogudd {flame, Dex+4} (You
                  | found it on level 4 of the Spider Nest)
 33341 | Spider:4 | Reached skill level 18 in Unarmed Combat
 33548 | Spider:4 | Reached skill level 1 in Evocations
 33731 | Spider:4 | Got a gossamer rune of Zot
 34181 | Vaults:1 | Entered Level 1 of the Vaults
 34640 | Vaults:1 | Paralysed by a hornet for 1 turns
 35761 | Vaults:2 | Reached XP level 19. HP: 182/191 MP: 20/27
 36447 | Vaults:2 | Identified the ring "Hougiapp" {Slay+2 Stlth+}
 36450 | Vaults:2 | Found a staircase to the Crypt.
 36459 | Vaults:2 | Noticed Boris
 36487 | Vaults:2 | Killed Boris
 36541 | Vaults:2 | Noticed Margery
 36549 | Vaults:2 | Found Ijob Nydgh's Magic Scroll Shop.
 36569 | Vaults:2 | Killed Margery
 36586 | Vaults:2 | Bought a scroll of enchant armour for 142 gold pieces
 36597 | Vaults:2 | Bought 3 scrolls of blinking for 427 gold pieces
 37494 | Vaults:3 | Reached skill level 19 in Unarmed Combat
 38487 | Vaults:3 | Reached XP level 20. HP: 201/201 MP: 28/28
 38724 | Vaults:3 | Reached skill level 5 in Evocations
 39506 | Elf:1    | Reached skill level 5 in Stealth
 40011 | Elf:2    | Found a runed translucent gate.
 40011 | Elf:2    | Found a runed translucent gate.
 40011 | Elf:2    | Found a runed translucent gate.
 40379 | Elf:2    | Upgraded the game from 0.23-b1-84-g6588a6b to 0.23.0
 40519 | Elf:2    | Reached skill level 15 in Shields
 40862 | Elf:3    | Entered Level 3 of the Elven Halls
 41540 | Elf:3    | HP: 9/202 [acid (17)]
 41540 | Elf:3    | Slain by a deep elf blademaster

Skill      XL: |  1  2  3  4  5  6  7  8  9 10 11 12 13 14 15 16 17 18 19 20 |
---------------+-------------------------------------------------------------+-----
Unarmed Combat | 4 5 6 7 8 10 12 13 14 16 17 18 19 | 19.3
Dodging        | 3 4 5 6 7 8 9 10 11 | 11.7
Fighting       | 3 4 5 6 7 8 |  8.3
Invocations    | 2 4 5 6 7 9 10 11 12 | 12.9
Stealth        | 2 3 4 5 |  5.0
Maces & Flails | 4 5 |  5.7
Armour         | 1 3 4 |  4.5
Shields        | 3 7 10 11 13 14 15 | 15.2
Polearms       | 3 6 7 8 9 |  9.5
Evocations     | 3 4 5 |  5.6

Action                   |  1- 3 |  4- 6 |  7- 9 | 10-12 | 13-15 | 16-18 | 19-21 || total
-------------------------+-------+-------+-------+-------+-------+-------+-------++-------
Melee: Unarmed           |   123 |   160 |   286 |   348 |  1446 |  1483 |   720 ||  4566
       Punch             |     1 |     1 |    14 |    38 |    55 |       |       ||   109
       Mace              |       |       |    18 |   180 |    14 |       |       ||   212
       Great mace        |       |       |       |       |     7 |       |       ||     7
       Headbutt          |       |       |       |       |    15 |   572 |   314 ||   901
       Trident           |       |       |       |       |       |   589 |   412 ||  1001
Invok: Minor Destruction |       |       |    56 |    69 |   184 |   229 |    43 ||   581
       Lesser Servant of |       |       |     2 |    19 |    18 |    37 |    10 ||    86
       Major Destruction |       |       |       |       |       |     7 |       ||     7
 Abil: Evoke Fog         |       |       |       |       |     1 |       |       ||     1
       Evoke Invisibilit |       |       |       |       |       |     1 |       ||     1
       Blink             |       |       |       |       |       |     1 |     1 ||     2
       Evoke Blink       |       |       |       |       |       |     1 |       ||     1
Evoke: Wand              |       |       |       |     2 |       |     9 |     2 ||    13
       Box of beasts     |       |       |       |       |       |     3 |     1 ||     4
       Lamp of fire      |       |       |       |       |       |     1 |       ||     1
  Use: Scroll            |     6 |     2 |     4 |    11 |    15 |    16 |     6 ||    60
       Potion            |       |       |     2 |    13 |     6 |     9 |     1 ||    31
 Stab: Sleeping          |     2 |     2 |     3 |     6 |    13 |     9 |     8 ||    43
       Distracted        |       |       |       |     5 |     7 |    12 |     4 ||    28
       Petrified         |       |       |       |       |     3 |       |       ||     3
       Petrifying        |       |       |       |       |     1 |       |       ||     1
       Invisible         |       |       |       |       |       |     1 |       ||     1
  Eat: Chunk             |    19 |    13 |    33 |    52 |   121 |   108 |    52 ||   398
Armor: Robe              |    64 |    51 |   107 |   111 |    57 |    80 |       ||   470
       Troll leather arm |       |       |       |       |   170 |   233 |   109 ||   512
       Acid dragon scale |       |       |       |       |   147 |   209 |       ||   356
Dodge: Dodged            |    82 |   109 |   249 |   307 |   610 |   869 |   200 ||  2426
Block: Large shield      |       |       |       |       |   736 |  3231 |  1287 ||  5254
       Reflection        |       |       |       |       |       |    25 |    99 ||   124
